 Dungeon Crawl Stone Soup version 0.23.0-3-gf3c87f2 (webtiles) character file.

Game seed: 11071272117318458385

12882 Borgoz the Slicer (level 12, -1/100 HPs)
             Began as a Ghoul Monk on Feb 22, 2019.
             Was an Elder of Ashenzari.
             Slain by an earth elemental (22 damage)
             ... summoned by a deep elf mage
             ... on level 12 of the Dungeon.
             The game lasted 00:45:39 (14308 turns).

Borgoz the Slicer (Ghoul Monk)                     Turns: 14308, Time: 00:45:41

Health: -1/100     AC: 11    Str: 16    XL:     12   Next: 0%
Magic:  17/17      EV: 16    Int:  7    God:    Ashenzari [****..]
Gold:   390        SH:  0    Dex: 13    Spells: 16/19 levels left

rFire    + . .     SeeInvis +   a - +0 dagger (drain) (curse)
rCold    + + .     Gourm    .   (no shield)
rNeg     + + +     Faith    .   J - +0 troll leather armour
rPois    ∞         Spirit   .   d - +2 helmet
rElec    .         Reflect  .   F - scarf {rC+ rF+} (curse)
rCorr    .         Harm     .   P - +0 pair of gloves
MR       +....     Clarity  +   s - +0 pair of boots
Stlth    ++++......             (no amulet)
HPRegen  0.00/turn              C - ring of stealth
MPRegen  0.15/turn              m - ring of protection from magic (curse)

@: about to teleport, rotting, studying Summonings
A: rotting body, claws 1, carnivore, cold resistance 1, negative energy
resistance 3, inhibited regeneration, torment resistance, unbreathing
a: Curse Item, Scrying, Renounce Religion


You were on level 12 of the Dungeon.
You worshipped Ashenzari.
Ashenzari was greatly pleased with you.
You were not hungry.

You visited 2 branches of the dungeon, and saw 13 of its levels.
You also visited: Sewer.

You collected 658 gold pieces.
You spent 268 gold pieces at shops.

Inventory:

Hand Weapons
 a - a cursed +0 dagger of draining (weapon)
 o - the cursed +3 war axe of Destiny {antimagic, Stlth+}
   (You found it on level 10 of the Dungeon)

   It reduces the magical energy of the wielder, and disrupts the spells and
   magical abilities of those hit.
   Natural abilities and divine invocations are not affected.
   It makes you more stealthy.
   It has a curse placed upon it.
 p - a +0 dagger of protection
 B - a +4 dagger
Missiles
 x - 51 poisoned needles
 y - a throwing net (quivered)
Armour
 d - a +2 helmet (worn)
 s - a +0 pair of boots (worn)
 F - a cursed scarf of resistance (worn)
 H - a scarf of cloud immunity
 J - a +0 troll leather armour (worn)
 M - a +1 robe of fire resistance
 P - a +0 pair of gloves (worn)
Jewellery
 i - an uncursed ring of ice
 j - an uncursed ring of see invisible
 l - a +3 ring of intelligence
 m - a cursed ring of protection from magic (right hand)
 n - an uncursed amulet of regeneration
 r - an uncursed amulet of faith
 u - an uncursed ring of resist corrosion
 C - a ring of stealth (left hand)
 G - an uncursed ring of protection from fire
 N - an uncursed ring of protection from magic
 O - an uncursed amulet of the acrobat
 T - an uncursed ring of fire
Wands
 v - a wand of flame (2)
 w - a wand of clouds (4)
 z - a wand of scattershot (2)
 I - a wand of acid (14)
 S - a wand of iceblast (10)
Scrolls
 e - 3 scrolls of identify
 f - 2 scrolls of magic mapping
 g - a scroll of blinking
 h - 5 scrolls of remove curse
 t - 2 scrolls of immolation
 A - 3 scrolls of teleportation
 D - a scroll of fear
 E - a scroll of enchant armour
 Q - a scroll of enchant weapon
Potions
 b - a potion of brilliance
 k - 2 potions of curing
 q - 4 potions of flight
 L - a potion of degeneration {unknown}
Books
 K - a manual of Summonings
Comestibles
 c - 28 rations


   Skills:
 + Level 7.6 Fighting
 + Level 8.5(11.9) Short Blades
 - Level 2.2 Throwing
 + Level 6.4 Armour
 + Level 7.9 Dodging
 + Level 5.6 Stealth
 * Level 4.1 Spellcasting
 - Level 3.0 Conjurations
 - Level 4.3 Air Magic
 - Level 4.0 Poison Magic
 + Level 2.7 Evocations


You had 16 spell levels left.
You knew the following spells:

 Your Spells              Type           Power        Failure   Level  Hunger
a - Mephitic Cloud        Conj/Pois/Air  #.......     22%         3    ####...

Your spell library contained the following spells:

 Spells                   Type           Power        Failure   Level  Hunger
 Magic Dart               Conj           #...         11%         1    ##.....
 Corona                   Hex            #......      36%         1    ##.....
 Summon Small Mammal      Summ           #...         36%         1    ##.....
 Blink                    Tloc           N/A          50%         2    ###....
 Call Imp                 Summ           #.......     50%         2    ###....
 Slow                     Hex            #.......     50%         2    ###....
 Conjure Flame            Conj/Fire      #.......     52%         3    ####...
 Call Canine Familiar     Summ           #.......     73%         3    ####...
 Inner Flame              Hex/Fire       #.......     73%         3    ####...
 Portal Projectile        Hex/Tloc       #.....       73%         3    ####...
 Summon Guardian Golem    Hex/Summ       #.......     73%         3    ####...
 Summon Lightning Spire   Summ/Air       #.......     83%         4    #####..
 Cause Fear               Hex            #.........   98%         4    #####..
 Leda's Liquefaction      Hex/Erth       #.........   98%         4    #####..
 Summon Ice Beast         Ice/Summ       #.......     98%         4    #####..


Dungeon Overview and Level Annotations

Branches:
Dungeon (12/15)            Temple (1/1) D:6            Lair (0/6) D:10
    Orc (0/2) D:10

Altars:
Ashenzari
Cheibriados
Dithmenos
Elyvilon
Fedhas
Gozag
Hepliaklqana
Kikubaaqudgha
Makhleb
Nemelex Xobeh
Okawaru
Qazlal
Ru
Sif Muna
Trog
Uskayaw
Vehumet
Wu Jian
Xom
Yredelemnul
Zin
The Shining One

Shops:
D:5 ?   D:9 ?

Annotations:
D:9 2 transporters, Azzok's ghost, novice OpTm
D:12 exclusion: orange crystal statue


Innate Abilities, Weirdness & Mutations

Your body is rotting away.
You thrive on raw meat.
You are immune to poison.
You have sharp fingernails.
You are carnivorous and can eat meat at any time.
Your flesh is cold resistant. (rC+)
You are immune to negative energy. (rN+++)
You do not regenerate when monsters are visible.
You are immune to unholy pain and torment.
You can survive without breathing.


Message History

The orc barely misses you. The earth elemental barely misses you.
The orc misses you.
You hit the deep elf mage but do no damage.
The deep elf mage is moderately wounded.
The deep elf mage casts a spell at you. The bolt of magma hits you!
You partially resist.
The bolt of magma hits the earth elemental.
The earth elemental partially resists.
You closely miss the deep elf mage.
The deep elf mage is moderately wounded.
The orc misses you. The orc barely misses you.
The earth elemental closely misses you.
Okay, then.
As you read the scroll of teleportation, it crumbles to dust.
You feel strangely unstable.
The deep elf mage gestures at you while chanting.
The stone arrow hits you!
* * * LOW HITPOINT WARNING * * *
The orc misses you. The earth elemental hits you!!
You die...

..#....#.........................
..#....+...#########.............
..######...#.......'.............
...........#.......#.>..........$
...........#.......#.....####....
...........#.......#.....#, , ,
...........#.[.....#..####, ,
.........÷.#...oE..#..#,,,,,*
...#######.#..Eo@..#..# , , , *
...# #.#...Ee..#..# ,, , , ...#
#.#.......#..# ,, ,.+, ...#
#.#.......#..# , >.# ...#
#.#.......#..#, , +..#
...#######.#########..#,,, #..#,
...............<......#####+#..#
.###+#.######..................#
.#...#.# #........#####.....#,


You could see 3 earth elementals, a deep elf mage and 2 orcs.

Vanquished Creatures
  2 two-headed ogres
  Pikel (D:7)
  An ugly thing (D:11)
  A manticore (D:11)
  A kobold demonologist (D:9)
  2 trolls (D:9)
  Grinder (D:3)
  Prince Ribbit (D:7)
  4 hippogriffs
  A vampire (D:11)
  26 yaks
  A wyvern (D:6)
  A steam dragon (D:8)
  4 wargs (D:10)
  A water moccasin (D:8)
  Duvessa (D:4)
  2 orc warriors
  2 ice beasts
  2 sky beasts
  A black bear (D:8)
  2 ogres
  2 eyes of draining
  A phantom (D:8)
  6 centaurs
  3 big kobolds
  7 bullfrogs
  Dowan (D:4)
  5 wights
  An electric eel (D:10)
  8 crimson imps
  3 howler monkeys (D:7)
  2 bullfrog zombies (D:10)
  A quasit (D:9)
  A centaur zombie (D:8)
  2 hounds
  A jelly (D:8)
  An orc priest (D:12)
  9 orc wizards
  Ijyb (D:3)
  5 iguanas
  4 worker ants
  A killer bee zombie (D:8)
  A hound zombie (D:9)
  A hound skeleton (D:9)
  A worker ant zombie (D:5)
  Robin (D:2)
  A howler monkey skeleton (D:6)
  10 adders
  A river rat (Sewer)
  2 shadow imps
  2 oozes (D:3)
  An adder zombie (D:5)
  3 worms
  A dart slug (D:2)
  6 leopard geckos
  22 orcs
  A ball python (D:1)
  14 bats
  9 giant cockroaches
  11 goblins
  5 hobgoblins
  3 jackals (D:7)
  11 kobolds
  3 quokkas
  3 frilled lizards
  A jackal skeleton (D:5)
  10 rats
247 creatures vanquished.

Vanquished Creatures (others)
  An orc wizard (D:10)
1 creature vanquished.

Grand Total: 248 creatures vanquished

Notes
Turn   | Place    | Note
-------+----------+-------------------------------------------
     0 | D:1      | Borgoz the Ghoul Monk began the quest for the Orb.
     0 | D:1      | Reached XP level 1. HP: 19/19 MP: 0/0
   167 | D:1      | Reached XP level 2. HP: 26/26 MP: 1/1
   658 | D:1      | Reached skill level 3 in Short Blades
   866 | D:2      | Reached XP level 3. HP: 2/31 MP: 2/2
  1075 | D:2      | Found a faded altar of an unknown god.
  1223 | D:2      | Found a shattered altar of Ashenzari.
  1223 | D:2      | Noticed Robin
  1566 | D:2      | Killed Robin
  1566 | D:2      | Reached skill level 1 in Armour
  1566 | D:2      | Reached XP level 4. HP: 35/40 MP: 3/3
  1809 | D:3      | Found a snail-covered altar of Cheibriados.
  1854 | D:3      | Noticed Ijyb
  1872 | D:3      | Killed Ijyb
  1872 | D:3      | Reached XP level 5. HP: 46/46 MP: 4/4
  1991 | D:3      | Found an opulent altar of Gozag.
  2436 | D:3      | Noticed Grinder
  2470 | D:3      | Paralysed by Grinder for 6 turns
  2477 | D:3      | Paralysed by Grinder for 5 turns
  2504 | D:3      | Paralysed by Grinder for 4 turns
  2749 | D:3      | Paralysed by Grinder for 4 turns
  2787 | D:3      | Killed Grinder
  2787 | D:3      | Reached skill level 4 in Short Blades
  2787 | D:3      | Reached XP level 6. HP: 36/52 MP: 5/5
  2920 | D:4      | Learned a level 3 spell: Mephitic Cloud
  3112 | D:4      | Reached XP level 7. HP: 58/59 MP: 6/6
  3133 | D:4      | Found a blossoming altar of Fedhas.
  3200 | D:2      | Became a worshipper of Ashenzari the Shackled
  3200 | D:2      | Reached * piety under Ashenzari
  3200 | D:2      | Reached ** piety under Ashenzari
  3345 | D:4      | Noticed Dowan
  3346 | D:4      | Noticed Duvessa
  3372 | D:4      | Killed Duvessa
  3388 | D:4      | Killed Dowan
  3856 | D:5      | Entered Level 5 of the Dungeon
  3858 | D:5      | Reached skill level 5 in Short Blades
  3984 | D:5      | Reached skill level 1 in Evocations
  4033 | D:5      | Found a hide-covered altar of Uskayaw.
  4033 | D:5      | Noticed a +0 hand axe
  4033 | D:5      | Noticed a +0 hand axe
  4432 | D:6      | Noticed a wyvern
  4444 | D:6      | Found a staircase to the Ecumenical Temple.
  4478 | D:6      | Killed a wyvern
  4478 | D:6      | Reached XP level 8. HP: 36/67 MP: 7/7
  4594 | D:6      | Found a glowing drain.
  4623 | Sewer    | Entered a sewer
  4742 | Sewer    | Found a white marble altar of Elyvilon.
  4884 | Temple   | Entered the Ecumenical Temple
  4921 | Temple   | Reached skill level 5 in Fighting
  5522 | D:7      | Reached skill level 5 in Dodging
  5777 | D:7      | Found a glowing golden altar of the Shining One.
  5833 | D:7      | Reached skill level 6 in Short Blades
  5835 | D:7      | Noticed Prince Ribbit
  5894 | D:7      | Killed Prince Ribbit
  5894 | D:7      | Reached skill level 5 in Armour
  5894 | D:7      | Reached XP level 9. HP: 49/75 MP: 8/8
  6228 | D:8      | Found a burning altar of Makhleb.
  6228 | D:8      | Found a basalt altar of Yredelemnul.
  6966 | D:8      | Noticed Pikel
  7361 | D:7      | Killed Pikel
  7361 | D:7      | Reached skill level 7 in Short Blades
  7361 | D:7      | Reached skill level 1 in Throwing
  7361 | D:7      | Reached skill level 1 in Spellcasting
  7361 | D:7      | Reached skill level 1 in Conjurations
  7361 | D:7      | Reached skill level 1 in Air Magic
  7361 | D:7      | Reached skill level 1 in Poison Magic
  7907 | D:9      | Reached *** piety under Ashenzari
  7988 | D:9      | Reached XP level 10. HP: 83/83 MP: 11/11
  8006 | D:9      | Found a transporter.
  8010 | D:9      | Identified the +3 halberd of Freehold {chaos, MR++}
  8010 | D:9      | Noticed a tengu warrior
  8011 | D:9      | Found a bloodstained altar of Trog.
  8011 | D:9      | Noticed a moth of wrath
  8326 | D:9      | Found Pehogo's Magic Scroll Shop.
  8335 | D:9      | Bought a scroll of magic mapping for 38 gold pieces
  8335 | D:9      | Bought a scroll of remove curse for 33 gold pieces
  8335 | D:9      | Bought a scroll of magic mapping for 38 gold pieces
  8335 | D:9      | Bought a scroll of teleportation for 33 gold pieces
  8427 | D:9      | Found a runed translucent door.
  8427 | D:9      | Found a runed translucent door.
  8680 | D:9      | Noticed a kobold demonologist
  8688 | D:9      | Noticed a sixfirhy
  8698 | D:9      | Killed a kobold demonologist
  9395 | D:6      | Found a bloodstained altar of Trog.
 10421 | D:5      | Found Yngaisya's Magic Scroll Shop.
 10432 | D:5      | Bought a scroll of teleportation for 36 gold pieces
 10432 | D:5      | Bought a scroll of enchant weapon for 90 gold pieces
 11105 | D:9      | Found a transporter.
 11115 | D:9      | Noticed a two-headed ogre
 11118 | D:9      | Noticed a two-headed ogre
 11118 | D:9      | Noticed Azzok's ghost (novice OpTm)
 11326 | D:10     | Entered Level 10 of the Dungeon
 11335 | D:10     | Noticed a two-headed ogre
 11381 | D:9      | Killed a two-headed ogre
 11919 | D:10     | Found a staircase to the Lair.
 12125 | D:10     | Reached XP level 11. HP: 20/91 MP: 14/14
 12290 | D:10     | Reached skill level 8 in Short Blades
 12402 | D:10     | Found a staircase to the Orcish Mines.
 12791 | D:10     | Got the cursed war axe of Destiny {antimagic, Stlth+}
 12792 | D:10     | Identified the cursed +3 war axe of Destiny {antimagic,
                  | Stlth+} (You found it on level 10 of the Dungeon)
 12916 | D:11     | Noticed a two-headed ogre
 12921 | D:11     | Killed a two-headed ogre
 13067 | D:11     | Noticed a manticore
 13092 | D:11     | Killed a manticore
 13164 | D:11     | Reached skill level 5 in Stealth
 13246 | D:11     | Got the cursed helmet of Gravitas {*Slow rPois Str+3}
 13345 | D:11     | Reached **** piety under Ashenzari
 13403 | D:11     | Noticed a brown ugly thing
 13410 | D:11     | Killed a brown ugly thing
 13806 | D:12     | Identified the amulet of Due Proportion {Gourm rF+ rC+}
 13806 | D:12     | Noticed an orange crystal statue
 14147 | D:12     | Noticed a deep elf mage
 14302 | D:12     | Reached XP level 12. HP: 65/100 MP: 17/17
 14308 | D:12     | Slain by an earth elemental

Skill      XL: |  1  2  3  4  5  6  7  8  9 10 11 |
---------------+----------------------------------+-----
Short Blades   | 3 4 5 6 7 8 |  8.5
Dodging        | 3 4 5 6 7 |  7.9
Armour         | 1 2 3 5 6 |  6.4
Fighting       | 4 5 6 7 |  7.6
Stealth        | 3 4 5 |  5.6
Evocations     | 1 2 |  2.7
Throwing       | 2 |  2.2
Spellcasting   | 1 2 4 |  4.1
Conjurations   | 1 2 3 |  3.0
Air Magic      | 1 3 4 |  4.3
Poison Magic   | 1 3 4 |  4.0

Action                   |  1- 3 |  4- 6 |  7- 9 | 10-12 || total
-------------------------+-------+-------+-------+-------++-------
Melee: Short sword       |   138 |    33 |       |       ||   171
       Dagger            |       |   208 |   922 |  2038 ||  3168
Throw: Throwing net      |       |     2 |     3 |     1 ||     6
Invok: Curse Item        |       |       |       |     3 ||     3
Evoke: Wand              |       |     4 |     4 |    19 ||    27
  Use: Potion            |     1 |     3 |     4 |     8 ||    16
       Scroll            |       |     6 |     6 |     5 ||    17
 Stab: Sleeping          |     2 |     3 |     7 |     8 ||    20
       Held in net/web   |       |       |       |     2 ||     2
       Paralysed         |       |       |       |     6 ||     6
       Distracted        |       |       |       |     1 ||     1
  Eat: Chunk             |     9 |    14 |    42 |    53 ||   118
Armor: Robe              |     7 |       |       |       ||     7
       Ring mail         |    37 |    84 |   307 |    19 ||   447
       Troll leather arm |       |       |       |   423 ||   423
Dodge: Dodged            |    88 |   127 |   474 |   929 ||  1618
